[Event "Team 45 45 League T75"]
[Site "Internet Chess Club"]
[Date "2017.12.17"]
[Round "1"]
[White "junard"]
[Black "ANGELLR"]
[Result "0-1"]
[WhiteElo "1818"]
[BlackElo "1873"]
[Opening "QGD semi-Slav"]
[ECO "D43"]
[Time "20:00:45"]
[TimeControl "2700+45"]

1. d4 d5 2. Nf3 Nf6 3. c4 c6 4. Nc3 e6 5. cxd5 exd5 6. Bg5 Be7 7. Qc2 O-O 8. e3
Nbd7 9. Bd3 Re8 10. O-O h6 11. Bh4 Nh5 12. Bxe7 Qxe7 13. Rab1 g6 14. b4 Ng7 15.
a4 Nf6 16. b5 Bf5 17. Rb3 c5 18. dxc5 Qxc5 19. Nd4 Bxd3 20. Qxd3 Rac8 21. h3 Ne4
22. Nde2 Red8 23. Nxe4 dxe4 24. Qxe4 Qc2 25. Qxc2 Rxc2 26. Nd4 Ra2 27. Rc1 Rxa4
28. Rc7 Ra1+ 29. Kh2 b6 30. Rbc3 Kf8 31. Rb7 Ne8 32. Rc2 Nd6 33. Rbc7 Ne4 34. f3
Nf6 35. Nc6 Rdd1 36. Ne5 Rh1+ 37. Kg3 Nh5+ 38. Kh4 Ra4+ 39. g4 g5+ {White
resigns} 0-1

[Event "Team 45 45 League T75"]
[Site "Internet Chess Club"]
[Date "2017.12.15"]
[Round "1"]
[White "primerpaso"]
[Black "ChessHouston"]
[Result "1-0"]
[WhiteElo "1825"]
[BlackElo "1800"]
[Opening "English: Carls' Bremen system"]
[ECO "A22"]
[Time "19:12:23"]
[TimeControl "2700+45"]

1. c4 Nf6 2. Nc3 e5 3. g3 Nc6 4. Bg2 d6 5. e3 g6 6. Nge2 Bg7 7. O-O O-O 8. b3
Re8 9. Bb2 Bf5 10. d4 e4 11. a3 g5 12. Qd2 Qd7 13. f3 exf3 14. Bxf3 h6 15. Rae1
Na5 16. Nd5 Nxd5 17. Bxd5 Nc6 18. Nc3 Bg6 19. Bg2 Na5 20. Nd5 Nxb3 21. Qb4 c6
22. Nf6+ Bxf6 23. Rxf6 Qe7 24. Rxg6+ fxg6 25. Qxb3 Rf8 26. d5 c5 27. e4 g4 28.
e5 Rf5 29. e6 Raf8 30. Qc3 Kh7 31. Rf1 h5 32. Qe3 b6 33. Rxf5 gxf5 34. Bc1 Qf6
35. Qf4 Rd8 36. h3 Kg7 37. Be3 Kf8 38. Bf1 Ke7 39. hxg4 hxg4 40. Qf2 Rh8 41. Qc2
Qe5 42. Bg5+ Kf8 43. Bf4 Qd4+ 44. Kg2 Ke7 45. Bg5+ Ke8 46. Bd3 Rh5 47. Bh4 Qe3
48. Qe2 Qd4 49. Bc2 Qg7 50. Ba4+ {Black resigns} 1-0

[Event "Team 45 45 League T75"]
[Site "Internet Chess Club"]
[Date "2017.12.23"]
[Round "1"]
[White "Zugzwanged"]
[Black "VictorRed"]
[Result "1-0"]
[WhiteElo "1748"]
[BlackElo "1727"]
[Opening "Sicilian: closed"]
[ECO "B23"]
[Time "09:55:28"]
[TimeControl "2700+45"]

1. e4 c5 2. Nc3 e6 3. f4 Nc6 4. Nf3 d5 5. Bb5 Ne7 6. exd5 exd5 7. Qe2 a6 8.
Bxc6+ bxc6 9. d3 Bg4 10. O-O g6 11. Qe5 Rg8 12. Rb1 Bg7 13. Qe2 Rb8 14. Na4 Qd6
15. b3 Kf8 16. Ba3 Bxf3 17. Rxf3 Bd4+ 18. Kh1 Kg7 19. c3 Nf5 20. cxd4 Nxd4 21.
Bxc5 Nxe2 22. Bxd6 Rbe8 23. Be5+ f6 24. Bb2 Re7 25. Ba3 Re6 26. Nc5 Ree8 27. Bb2
d4 28. g3 a5 29. Kg2 Re7 30. f5 Rge8 31. Ne6+ Kf7 32. Nxd4 Nxd4 33. fxg6+ hxg6
34. Bxd4 Re2+ 35. Rf2 Rxf2+ 36. Kxf2 Rd8 37. Ke3 Re8+ 38. Kd2 Rd8 39. Kc3 Rh8
40. Rb2 Rc8 41. Bc5 Re8 42. a3 Re5 43. Bd4 Rd5 44. Kc4 f5 45. Re2 g5 46. Re5
{Black resigns} 1-0

[Event "Team 45 45 League T75"]
[Site "Internet Chess Club"]
[Date "2017.12.16"]
[Round "1"]
[White "Heian"]
[Black "Beetlejuice"]
[Result "0-1"]
[WhiteElo "1648"]
[BlackElo "1844"]
[Opening "Sicilian defense"]
[ECO "B40"]
[Time "14:01:39"]
[TimeControl "2700+45"]

1. e4 c5 2. Nf3 e6 3. c3 Nf6 4. e5 Nd5 5. Bc4 Nb6 6. Be2 Nc6 7. d4 cxd4 8. cxd4
d6 9. O-O Be7 10. h3 O-O 11. Nc3 Nb4 12. a3 N4d5 13. Ne4 dxe5 14. dxe5 Bd7 15.
Bd3 h6 16. Bc2 Bb5 17. Bd3 Bxd3 18. Qxd3 Rc8 19. Nh2 Nc3 20. Qf3 Nxe4 21. Qxe4
Qd5 22. Qg4 Qxe5 23. Bxh6 Rc4 24. f4 Qxb2 25. Rab1 Qd4+ 26. Kh1 Bf6 27. Nf3 Qc5
28. Bg5 Bxg5 29. Nxg5 Qf5 30. g3 Qxg4 31. hxg4 Rc3 32. Rf3 Rfc8 33. Rb3 Rxf3 34.
Rxf3 Kf8 35. Rb3 Rc7 36. Rd3 Ke7 37. Nf3 Nd5 38. Rb3 b6 39. a4 Rc3 40. Nd4 Rxb3
41. Nxb3 a5 42. Nd2 Nc3 43. Kg2 Nxa4 44. Kf3 Kd6 45. Ke4 Nc5+ 46. Kd4 a4 47.
Nc4+ Kc6 48. Ne5+ Kb5 49. Nxf7 Kb4 50. Ne5 a3 51. Nc4 a2 52. Nxb6 a1=Q+ 53. Ke3
Qe1+ 54. Kf3 Qe4+ 55. Kf2 Nd3+ 56. Kf1 {White resigns} 0-1

[Event "Team 45 45 League T75"]
[Site "Internet Chess Club"]
[Date "2017.12.17"]
[Round "1"]
[White "Signalman"]
[Black "Ajolote"]
[Result "1-0"]
[WhiteElo "1891"]
[BlackElo "1795"]
[Opening "Queen's pawn: London system"]
[ECO "A45"]
[Time "13:30:58"]
[TimeControl "2700+45"]

1. d4 Nf6 2. Bf4 e6 3. e3 Bd6 4. Bxd6 cxd6 5. Nf3 O-O 6. Bd3 d5 7. O-O d6 8.
Nbd2 Nbd7 9. Re1 b6 10. c4 dxc4 11. Nxc4 d5 12. Nce5 Bb7 13. Rc1 Rc8 14. Qa4 a5
15. Nc6 Bxc6 16. Rxc6 Nb8 17. Rc2 Rxc2 18. Qxc2 Qd6 19. Rc1 Nbd7 20. Qc6 Qb4 21.
Rc2 Re8 22. Ne5 Nf8 23. g4 h6 24. h3 Re7 25. Bh7+ Kxh7 26. Nd3 Rc7 27. Qxc7 Qb5
28. Ne5 N8d7 29. Nxd7 Nxd7 30. Rc6 Nf6 31. Rxb6 Qe2 32. Qxf7 Ne4 33. Rxe6 Ng5
34. Qg6+ {Black resigns} 1-0

[Event "Team 45 45 League T75"]
[Site "Internet Chess Club"]
[Date "2017.12.18"]
[Round "1"]
[White "leandromorg"]
[Black "nealbruce"]
[Result "1-0"]
[WhiteElo "1719"]
[BlackElo "1681"]
[Opening "Queen's pawn game"]
[ECO "D00"]
[Time "18:00:23"]
[TimeControl "2700+45"]

1. d4 d5 2. e3 e6 3. Bd3 c5 4. c3 Nf6 5. f4 Nc6 6. Nf3 Bd6 7. O-O O-O 8. Ne5 Bd7
9. Nd2 Rb8 10. g4 Bxe5 11. fxe5 Ne4 12. Nxe4 dxe4 13. Bxe4 Qh4 14. Qf3 f5 15.
gxf5 exf5 16. Bd5+ Kh8 17. Qg3 Qe7 18. Bb3 f4 19. exf4 cxd4 20. Rd1 dxc3 21.
bxc3 Rbd8 22. Rd6 Na5 23. Ba3 Nxb3 24. axb3 Rfe8 25. Rf6 Qxf6 26. exf6 gxf6 27.
Qh4 Rg8+ 28. Kf2 Kg7 29. Be7 Rgf8 30. Bxd8 Rxd8 31. Rd1 {Black resigns} 1-0

[Event "Team 45 45 League T75"]
[Site "Internet Chess Club"]
[Date "2017.12.17"]
[Round "1"]
[White "Agarnez"]
[Black "fledermaus"]
[Result "1/2-1/2"]
[WhiteElo "1908"]
[BlackElo "1803"]
[Opening "QGD: classical variation (5.Bf4)"]
[ECO "D37"]
[Time "17:01:09"]
[TimeControl "2700+45"]

1. d4 d5 2. c4 e6 3. Nc3 Nf6 4. Nf3 Be7 5. Bf4 O-O 6. e3 c6 7. h3 b6 8. Bd3 Bb7
9. O-O Nbd7 10. Rc1 dxc4 11. Bxc4 b5 12. Bd3 a6 13. Ne4 Nxe4 14. Bxe4 Qb6 15.
Ne5 Nxe5 16. Bxe5 Rfd8 17. Qg4 g6 18. Qf3 Rac8 19. Bf6 Bxf6 20. Qxf6 Rd6 21. Rc5
Qd8 22. Qf4 Qd7 23. Rfc1 Kg7 24. h4 h6 25. g4 Qe7 26. g5 h5 27. Qf3 Qd7 28. Qf6+
{Game drawn by mutual agreement} 1/2-1/2

[Event "Team 45 45 League T75"]
[Site "Internet Chess Club"]
[Date "2017.12.19"]
[Round "1"]
[White "jonesey"]
[Black "elmaestro"]
[Result "1/2-1/2"]
[WhiteElo "1875"]
[BlackElo "1740"]
[Opening "English: symmetrical, Botvinnik system"]
[ECO "B20"]
[Time "16:01:56"]
[TimeControl "2700+45"]

1. e4 c5 2. c4 Nc6 3. Nc3 g6 4. g3 Bg7 5. Bg2 Nf6 6. Nge2 e5 7. d3 d6 8. Rb1 Rb8
9. a3 a5 10. Bg5 h6 11. Bd2 Bg4 12. h3 Bd7 13. O-O O-O 14. f4 exf4 15. Bxf4 Ne5
16. b4 cxb4 17. axb4 axb4 18. Rxb4 Qa5 19. Rb1 Bc6 20. c5 g5 21. Be3 dxc5 22.
Ra1 Qc7 23. Bxc5 Rfd8 24. Bd4 Rxd4 25. Nxd4 Qb6 26. Ne2 Rd8 27. Qb1 Qxb1 28.
Raxb1 Nxd3 29. Nxc6 bxc6 30. Rbd1 Rd7 31. Nc1 Nxc1 32. Rxc1 Rc7 33. e5 Nh5 34.
Rxc6 Rxc6 35. Bxc6 Nxg3 {Game drawn by mutual agreement} 1/2-1/2

[Event "Team 45 45 League T75"]
[Site "Internet Chess Club"]
[Date "2017.12.15"]
[Round "1"]
[White "ascoli"]
[Black "LookImYourVader"]
[Result "1-0"]
[WhiteElo "1748"]
[BlackElo "1766"]
[Opening "QGA: classical, 8...Bb7"]
[ECO "D29"]
[Time "14:00:23"]
[TimeControl "2700+45"]

1. d4 d5 2. c4 dxc4 3. Nf3 Nf6 4. e3 e6 5. Bxc4 c5 6. O-O a6 7. Qe2 b5 8. Bb3
Bb7 9. Rd1 Nbd7 10. a4 b4 11. Ne5 Bd6 12. Nxd7 Qxd7 13. dxc5 Qc6 14. e4 Bxc5 15.
Nd2 Nxe4 16. Nxe4 Qxe4 17. Qxe4 Bxe4 18. Bf4 O-O 19. Rac1 Rac8 20. Bc4 a5 21.
Ba6 Rcd8 22. Re1 Bd3 23. Bxd3 Bxf2+ 24. Kxf2 Rxd3 25. Bc7 Rb3 26. Re2 Rc8 27.
Rd1 Kf8 {Black resigns} 1-0

[Event "Team 45 45 League T75"]
[Site "Internet Chess Club"]
[Date "2017.12.17"]
[Round "1"]
[White "SlimeDog2"]
[Black "JSCOL"]
[Result "0-1"]
[WhiteElo "1990"]
[BlackElo "2160"]
[Opening "Queen's pawn game"]
[ECO "E20"]
[Time "20:16:15"]
[TimeControl "2700+45"]

1. d4 Nf6 2. c4 e6 3. Nc3 b6 4. e4 Bb7 5. f3 Bb4 6. Qc2 O-O 7. Bg5 h6 8. Bh4 Be7
9. a3 c5 10. dxc5 bxc5 11. Bd3 Nc6 12. Nge2 Nd4 13. Nxd4 cxd4 14. Ne2 d5 15.
cxd5 Nxd5 16. Bxe7 Nxe7 17. O-O Qb6 18. Rac1 Rfc8 19. Qd2 Nc6 20. f4 a5 21. f5
Ne5 22. f6 Nxd3 23. Qxd3 Ba6 24. Qg3 d3+ 25. Kh1 g6 26. Rxc8+ Rxc8 27. Nf4 Kh7
28. Nxd3 Rd8 29. Rf3 Bxd3 30. Rxd3 Qxb2 31. Re3 Qa1+ 32. Re1 Rd1 {White resigns}
0-1

[Event "Team 45 45 League T75"]
[Site "Internet Chess Club"]
[Date "2017.12.14"]
[Round "1"]
[White "f5"]
[Black "ChessHouston"]
[Result "1-0"]
[WhiteElo "2171"]
[BlackElo "1816"]
[Opening "Ruy Lopez: closed defense"]
[ECO "C84"]
[Time "22:31:20"]
[TimeControl "2700+45"]

1. e4 e5 2. Nf3 Nc6 3. Bb5 a6 4. Ba4 Nf6 5. O-O Be7 6. d3 b5 7. Bb3 d6 8. h3 O-O
9. a4 b4 10. Nbd2 Na5 11. Ba2 c5 12. Nc4 Nxc4 13. Bxc4 Be6 14. Re1 Ne8 15. Be3
h6 16. Qe2 Kh7 17. Rad1 Qd7 18. b3 Nc7 19. Bc1 Bf6 20. Nh2 g6 21. Ng4 Bg7 22.
Ne3 f5 23. Bxe6 Qxe6 24. Nc4 f4 25. Qg4 Qe7 26. Nb6 Rad8 27. Nd5 Nxd5 28. exd5
Rde8 29. Qf3 Qh4 30. Re4 Rf5 31. Kf1 Qf6 32. Rde1 Qf7 33. Rc4 g5 34. Qe4 Kh8 35.
d4 cxd4 36. Rxd4 exd4 37. Qxe8+ Qxe8 38. Rxe8+ Kh7 39. Ke2 Rxd5 40. Kd3 a5 41.
Re6 Be5 42. Re7+ Kg6 43. Rc7 Bf6 44. f3 Kh5 45. Bd2 Kh4 46. Be1+ Kh5 47. Bf2 Re5
48. Rf7 Re6 49. Ra7 Re5 50. Rb7 Kg6 51. Rb5 Rc5 52. Rxc5 dxc5 53. Kc4 Be7 54.
Kb5 Kf5 55. Kxa5 Ke5 56. Kb5 Kd6 57. a5 Kc7 58. a6 Kb8 59. Kc6 Ka7 60. Kd7 Bf8
61. Ke8 Bd6 62. h4 gxh4 63. Kd7 Bf8 64. Bxh4 Kxa6 65. Bf6 h5 66. Kc6 Ka5 67.
Bd8+ Ka6 68. Bb6 c4 69. Bxd4 cxb3 70. cxb3 Ka5 71. Be5 Bh6 72. Bd6 Bg5 73. Kc5
Bh4 74. Bxf4 Be1 75. Bd6 Bc3 76. f4 {Black resigns} 1-0

[Event "Team 45 45 League T75"]
[Site "Internet Chess Club"]
[Date "2017.12.14"]
[Round "1"]
[White "cysk"]
[Black "ANGELLR"]
[Result "0-1"]
[WhiteElo "1702"]
[BlackElo "1858"]
[Opening "French: advance variation"]
[ECO "C02"]
[Time "20:05:09"]
[TimeControl "2700+45"]

1. e4 e6 2. d4 d5 3. e5 c5 4. c3 Qb6 5. a3 Nc6 6. Nf3 c4 7. Nbd2 Na5 8. Be2 Bd7
9. O-O Ne7 10. Rb1 Nf5 11. Re1 Be7 12. Nf1 Nb3 13. Ne3 Nxe3 14. Bxe3 h6 15. Nd2
Ba4 16. Nxb3 Qxb3 17. Qd2 Qb6 18. Bd1 Bb3 19. Bc2 O-O-O 20. f4 g6 21. Ra1 a5 22.
a4 h5 23. Qd1 Kb8 24. Bxb3 Qxb3 25. Qxb3 cxb3 26. g3 Ka7 27. Rec1 Rc8 28. c4 Bb4
29. cxd5 exd5 30. Kf2 Ka6 31. Ke2 b5 32. axb5+ Kxb5 33. Bd2 a4 34. Bxb4 Kxb4 35.
Rc5 Rxc5 36. dxc5 Rc8 37. Rd1 Rxc5 {White resigns} 0-1

[Event "Team 45 45 League T75"]
[Site "Internet Chess Club"]
[Date "2017.12.15"]
[Round "1"]
[White "Heian"]
[Black "Portola"]
[Result "0-1"]
[WhiteElo "1658"]
[BlackElo "1739"]
[Opening "French: advance, Milner-Barry gambit"]
[ECO "C02"]
[Time "18:01:03"]
[TimeControl "2700+45"]

1. e4 e6 2. d4 d5 3. e5 c5 4. c3 Nc6 5. Nf3 Qb6 6. Bd3 cxd4 7. cxd4 Bb4+ 8. Nc3
Nge7 9. a3 Bxc3+ 10. bxc3 Bd7 11. Bd2 h6 12. Rb1 Qc7 13. O-O O-O 14. Qc1 f5 15.
Bxh6 gxh6 16. Qxh6 Rf7 17. Ng5 Rg7 18. f4 Nd8 19. Rf3 Ng6 20. Rc1 Nf7 21. Nxf7
Kxf7 22. Rg3 Rh8 23. Qg5 Qd8 24. Qxd8 Rxd8 25. Rf3 Bc6 26. Kf2 Nh4 27. Rh3 Rxg2+
28. Ke1 Rg4 29. Kd2 Rxf4 30. Be2 Rg8 31. Rg3 Rf2 32. Rcg1 Rxg3 33. hxg3 Nf3+ 34.
Ke3 Nxg1 35. Bh5+ Kg7 36. Kxf2 Nh3+ 37. Kg2 Ng5 38. Kf2 Ne4+ 39. Ke3 Nxc3 40.
Bf3 Nb1 41. g4 fxg4 42. Bxg4 Kf7 43. Bh5+ Ke7 44. a4 Bxa4 45. Bg4 Bc2 46. Be2 a5
47. Bd3 Bxd3 48. Kxd3 b5 49. Kc2 Na3+ 50. Kb3 Nc4 51. Kc3 Kf7 52. Kb3 Kg6 53.
Kc2 Kf5 54. Kd3 Kf4 55. Kc3 Ke3 56. Kb3 Kxd4 57. Ka2 a4 58. Kb1 b4 59. Ka2 b3+
60. Ka1 a3 61. Kb1 Kxe5 62. Ka1 d4 63. Kb1 d3 64. Kc1 a2 65. Kd1 a1=Q# {White
checkmated} 0-1

[Event "Team 45 45 League T75"]
[Site "Internet Chess Club"]
[Date "2017.12.23"]
[Round "1"]
[White "The7thGuest"]
[Black "Sloggi"]
[Result "1/2-1/2"]
[WhiteElo "1875"]
[BlackElo "1989"]
[Opening "QGD Slav: 4.Nc3"]
[ECO "D15"]
[Time "07:04:06"]
[TimeControl "2700+45"]

1. d4 d5 2. c4 c6 3. Nf3 Nf6 4. Nc3 a6 5. g3 b5 6. cxd5 cxd5 7. Bg2 Bb7 8. Ne5
e6 9. O-O Be7 10. Qb3 O-O 11. a4 b4 12. a5 Nc6 13. Nxc6 Bxc6 14. Nb1 Bb5 15. Re1
Bc4 16. Qf3 Rc8 17. Nd2 Bb5 18. e3 Qc7 19. Bf1 Bxf1 20. Rxf1 Qc2 {Game drawn by
mutual agreement} 1/2-1/2

[Event "Team 45 45 League T75"]
[Site "Internet Chess Club"]
[Date "2017.12.14"]
[Round "1"]
[White "cool64chess"]
[Black "charles-allen"]
[Result "1-0"]
[WhiteElo "1945"]
[BlackElo "1825"]
[Opening "QGD: Tarrasch defense"]
[ECO "D32"]
[Time "19:04:01"]
[TimeControl "2700+45"]

1. d4 d5 2. c4 e6 3. Nc3 c5 4. Nf3 Nc6 5. e3 Nf6 6. Bd3 Be7 7. O-O O-O 8. b3 Nb4
9. Be2 b6 10. Bb2 Bb7 11. a3 Nc6 12. Rc1 Ne4 13. cxd5 Nxc3 14. Bxc3 Qxd5 15.
dxc5 bxc5 16. Bc4 Qxd1 17. Rfxd1 Rfd8 18. Kf1 a5 19. Bb5 Ba6 20. Bxa6 Rxa6 21.
Rxd8+ Bxd8 22. Rd1 Kf8 23. Ne5 Bf6 24. Nd7+ Ke7 25. Nxc5 Ra7 26. Be1 Bb2 27. a4
Ba3 28. Ne4 Rb7 29. Rd3 f5 30. Nd2 Ne5 31. Rc3 Bb4 32. Rc2 Nd3 33. Nf3 Kd6 34.
Bxb4+ Nxb4 35. Rc8 Nd5 36. Nd4 g6 37. Rc6+ Kd7 38. Rxe6 Rxb3 39. Ra6 Nc3 40.
Nxb3 {Black resigns} 1-0

[Event "Team 45 45 League T75"]
[Site "Internet Chess Club"]
[Date "2017.12.16"]
[Round "1"]
[White "nathanpillay"]
[Black "kllrchris"]
[Result "0-1"]
[WhiteElo "1754"]
[BlackElo "1698"]
[Opening "King's Indian: fianchetto, Panno variation"]
[ECO "E63"]
[Time "16:02:27"]
[TimeControl "2700+45"]

1. d4 Nf6 2. c4 g6 3. g3 Bg7 4. Nc3 O-O 5. Bg2 d6 6. Nf3 Nc6 7. O-O a6 8. e4 Bg4
9. h3 Bxf3 10. Bxf3 e5 11. d5 Nd4 12. Bg2 c5 13. Be3 Rb8 14. a4 Qa5 15. Rb1 Qb4
16. Qd3 Nd7 17. b3 Qxc3 18. Qxc3 Ne2+ 19. Kh2 Nxc3 20. Rb2 b5 21. Rc1 b4 22.
Rbc2 a5 23. Kh1 Nb6 24. Kh2 f5 25. f3 f4 26. Bf2 fxg3+ 27. Bxg3 Bh6 28. Re1
Ncxa4 29. bxa4 b3 30. Rf2 Nxc4 31. Rb1 Ne3 32. Rfb2 c4 33. Be1 Ra8 34. Bd2 Bf4+
35. Kg1 Nxg2 36. Kxg2 Bxd2 37. Rxd2 c3 38. Rf2 c2 39. Re1 Rfc8 40. Rff1 b2
{White resigns} 0-1

[Event "Team 45 45 League T75"]
[Site "Internet Chess Club"]
[Date "2017.12.16"]
[Round "1"]
[White "Percival"]
[Black "JJ12"]
[Result "0-1"]
[WhiteElo "2005"]
[BlackElo "2128"]
[Opening "Benkö gambit accepted"]
[ECO "A58"]
[Time "20:04:13"]
[TimeControl "2700+45"]

1. d4 Nf6 2. c4 c5 3. d5 b5 4. cxb5 a6 5. bxa6 g6 6. Nc3 Bg7 7. e4 O-O 8. Nf3
Qa5 9. Bd2 Bxa6 10. Bxa6 Qxa6 11. Qe2 d6 12. a3 Nbd7 13. Qxa6 Rxa6 14. O-O Rb8
15. Rfb1 Rb3 16. Bc1 Ng4 17. Nd2 Rb8 18. Nc4 Nge5 19. Nxe5 Nxe5 20. Nd1 Nd3 21.
Kf1 c4 22. Ke2 Nc5 23. f3 Nb3 24. Ra2 e6 25. dxe6 fxe6 26. Ne3 c3 27. Kd3 Nxc1+
28. Rxc1 cxb2 29. Rb1 Rb3+ 30. Ke2 Rc6 31. Nf1 Rc2+ 32. Kd1 Rxg2 33. a4 Rd3+
{White resigns} 0-1

[Event "Team 45 45 League T75"]
[Site "Internet Chess Club"]
[Date "2017.12.17"]
[Round "1"]
[White "Monterrey"]
[Black "jorobo"]
[Result "1-0"]
[WhiteElo "1977"]
[BlackElo "1961"]
[Opening "Nimzo-Indian: Simagin variation"]
[ECO "E46"]
[Time "21:01:07"]
[TimeControl "2700+45"]

1. d4 Nf6 2. c4 e6 3. Nc3 Bb4 4. e3 O-O 5. Ne2 d5 6. a3 Bd6 7. Ng3 b6 8. cxd5
exd5 9. Bd3 Re8 10. O-O c6 11. Bd2 Ba6 12. Bxa6 Nxa6 13. Qa4 Qc8 14. Rac1 Qb7
15. Nce2 Rac8 16. b4 b5 17. Qc2 Nb8 18. f3 Nbd7 19. e4 Bxg3 20. Nxg3 Nb6 21. e5
Nfd7 22. Nf5 Nc4 23. Qd3 Qb6 24. f4 Nf8 25. Rf3 Ne6 26. Bc3 Rc7 27. Rcf1 Rf8 28.
Rh3 g6 29. Nh6+ Kh8 30. Ng4 f5 31. exf6 Kg8 32. Nh6+ Kh8 33. f7 Nd6 34. Qxg6
hxg6 35. Nf5# {Black checkmated} 1-0

[Event "Team 45 45 League T75"]
[Site "Internet Chess Club"]
[Date "2017.12.16"]
[Round "1"]
[White "Dodgy"]
[Black "achessman"]
[Result "0-1"]
[WhiteElo "1809"]
[BlackElo "1897"]
[Opening "Caro-Kann: classical, Spassky variation"]
[ECO "B19"]
[Time "07:19:04"]
[TimeControl "2700+45"]

1. e4 c6 2. d4 d5 3. Nd2 dxe4 4. Nxe4 Bf5 5. Ng3 Bg6 6. h4 h6 7. Nf3 Nd7 8. h5
Bh7 9. Bd3 Bxd3 10. Qxd3 e6 11. Bd2 Qc7 12. O-O-O Ngf6 13. Ne4 O-O-O 14. c4 c5
15. d5 Ne5 16. Nxe5 Qxe5 17. Nxf6 Qxf6 18. Be3 Kb8 19. Qe4 Bd6 20. dxe6 Qxe6 21.
Qxe6 fxe6 22. Rh4 Kc7 23. Rg4 Rd7 24. Rg6 Re8 25. f4 Rf8 26. g4 b6 27. g5 hxg5
28. fxg5 Re7 29. h6 Be5 30. Kc2 Rf3 31. Rh1 gxh6 32. gxh6 Rxe3 33. h7 Re2+ 34.
Kd3 Rxb2 35. Rh5 Rd7+ 36. Ke4 Bd4 37. h8=Q Bxh8 38. Rxh8 Rxa2 39. Rgg8 Rd4+ 40.
Ke5 Re2+ 41. Kf6 Rxc4 42. Rg7+ Kc6 43. Rxa7 Rf4+ 44. Ke7 e5 45. Ke6 Rb4 46. Rc8+
Kb5 47. Rb7 Kc4 48. Rh8 Kc3 49. Rh3+ Kc2 50. Kd5 e4 51. Ra7 Kb2 52. Rha3 Rd2+
53. Ke5 Rd3 54. Ra2+ Kc3 55. R7a3+ Rb3 56. Kxe4 Rd4+ 57. Ke5 Rxa3 58. Rxa3+ Kb4
59. Ra6 b5 60. Rc6 Kc4 61. Rh6 b4 62. Rh1 b3 63. Rc1+ Kb4 64. Rb1 Rd2 65. Ke4 c4
66. Ke3 c3 {White resigns} 0-1

[Event "Team 45 45 League T75"]
[Site "Internet Chess Club"]
[Date "2017.12.19"]
[Round "1"]
[White "laurenpar"]
[Black "kidcobra"]
[Result "1-0"]
[WhiteElo "1906"]
[BlackElo "1817"]
[Opening "Budapest: Alekhine variation"]
[ECO "A52"]
[Time "20:57:00"]
[TimeControl "2700+45"]

1. d4 Nf6 2. c4 e5 3. dxe5 Ng4 4. e4 Nxe5 5. f4 Ng6 6. Nf3 Nc6 7. a3 a5 8. Nc3
Bc5 9. h4 h5 10. Be2 d6 11. Nb5 Bg4 12. Ng5 Bxe2 13. Qxe2 Nd4 14. Nxd4 Bxd4 15.
Be3 Bxe3 16. Qxe3 Qf6 17. O-O Nxh4 18. e5 Qe7 19. Qh3 Ng6 20. exd6 Qxd6 21.
Rae1+ Kf8 22. Qf5 Qf6 23. Qe4 Rd8 24. f5 Qxg5 25. fxg6 Qc5+ 26. Kh1 Qd6 27.
Rxf7+ Kg8 28. c5 Qxc5 29. Qe6 Qd6 30. Rd7+ Qxe6 31. Rxd8+ Qe8 32. Rdxe8# {Black
checkmated} 1-0

[Event "Team 45 45 League T75"]
[Site "Internet Chess Club"]
[Date "2017.12.16"]
[Round "1"]
[White "Ajolote"]
[Black "armand068new"]
[Result "0-1"]
[WhiteElo "1808"]
[BlackElo "1706"]
[Opening "Sicilian: closed"]
[ECO "B23"]
[Time "13:08:24"]
[TimeControl "2700+45"]

1. e4 c5 2. Nc3 e6 3. g3 Nc6 4. Bg2 Be7 5. Nge2 Nf6 6. O-O O-O 7. d3 d5 8. exd5
exd5 9. Nf4 Bg4 10. Qe1 Nd4 11. Ncxd5 Nxd5 12. Nxd5 Re8 13. Qd2 Bf3 14. Nxe7+
Rxe7 15. Qg5 f6 16. Qxc5 Rc8 17. Qb4 Bxg2 18. Kxg2 Qd5+ 19. Kg1 Ne2# {White
checkmated} 0-1

[Event "Team 45 45 League T75"]
[Site "Internet Chess Club"]
[Date "2017.12.16"]
[Round "1"]
[White "VictorRed"]
[Black "JPSVI"]
[Result "1-0"]
[WhiteElo "1740"]
[BlackElo "1409"]
[Opening "English: symmetrical variation"]
[ECO "A30"]
[Time "23:04:52"]
[TimeControl "2700+45"]

1. c4 c5 2. e4 Nc6 3. Nf3 e5 4. d3 d6 5. Nc3 Nf6 6. Bg5 Be7 7. Nd5 Nxd5 8. cxd5
Bxg5 9. dxc6 Qa5+ 10. Ke2 Bg4 11. cxb7 Rb8 12. Qc2 Rxb7 13. h3 Bxf3+ 14. Kxf3
O-O 15. h4 Bf6 16. Be2 Qb4 17. b3 Rfb8 18. g4 h6 19. Rag1 g5 20. hxg5 Bxg5 21.
Kg2 Qa5 22. Rd1 Rb4 23. f3 Qd8 24. Rb1 Be3 25. Bd1 Qg5 26. a3 R4b7 27. Qc4 Bd4
28. Qc1 Qxc1 29. Rxc1 Kg7 30. a4 a5 31. Kg3 Kg6 32. f4 Be3 33. f5+ Kg5 34. Rh5+
Kf6 35. Rb1 Rb4 36. Bc2 Bg5 37. Rbh1 Kg7 38. R5h3 f6 39. Kf3 Rd4 40. Rd1 Rbb4
41. Rh2 d5 42. Re2 dxe4+ 43. Rxe4 Rxe4 44. dxe4 Rd4 45. Rxd4 cxd4 46. b4 axb4
47. a5 Be3 48. a6 d3 49. Kxe3 dxc2 50. Kd2 b3 51. a7 {Black resigns} 1-0

[Event "Team 45 45 League T75"]
[Site "Internet Chess Club"]
[Date "2017.12.16"]
[Round "1"]
[White "fireball"]
[Black "drsigmund1"]
[Result "1/2-1/2"]
[WhiteElo "1591"]
[BlackElo "1426"]
[Opening "French: Réti (Spielmann) variation"]
[ECO "C00"]
[Time "13:02:46"]
[TimeControl "2700+45"]

1. e4 e6 2. b3 d5 3. Bb2 Nf6 4. exd5 exd5 5. Nf3 Be7 6. Bd3 O-O 7. O-O Nc6 8.
Nc3 Nb4 9. Be2 d4 10. Nb5 d3 11. cxd3 a6 12. Nc3 Nxd3 13. Bxd3 Qxd3 14. Re1 Re8
15. Na4 Bg4 16. Re3 Qg6 17. h3 Bxh3 18. Qf1 Be6 19. Ne5 Qc2 20. Rc3 Qxd2 21.
Rxc7 b5 22. Rd1 Qa5 23. Rxe7 Rxe7 24. Nc6 Qc7 25. Nxe7+ Qxe7 26. Nc3 Rd8 27.
Rxd8+ Qxd8 28. f3 Qd2 29. Qf2 Qxf2+ 30. Kxf2 {Game drawn by mutual agreement}
1/2-1/2

[Event "Team 45 45 League T75"]
[Site "Internet Chess Club"]
[Date "2017.12.16"]
[Round "1"]
[White "Andressa"]
[Black "Skeptic1972"]
[Result "0-1"]
[WhiteElo "1424"]
[BlackElo "1551"]
[Opening "French: advance variation"]
[ECO "C02"]
[Time "16:04:35"]
[TimeControl "2700+45"]

1. e4 e6 2. d4 d5 3. e5 c5 4. c3 Qb6 5. Nf3 Nc6 6. Be2 Nge7 7. O-O Nf5 8. Be3
Nxe3 9. fxe3 Qxb2 10. Nbd2 Qxc3 11. Qb3 cxd4 12. exd4 Nxd4 13. Bb5+ Nxb5 14.
Qxb5+ Qc6 15. Qe2 Bc5+ 16. Kh1 O-O 17. Rac1 b6 18. Nb3 Qa4 19. Nxc5 bxc5 20. Qf2
c4 21. Ng5 Qd7 22. Rc3 h6 23. Nh3 f5 24. exf6 Rxf6 25. Rf3 Rxf3 26. Qxf3 Bb7 27.
Rb1 Rf8 28. Qc3 Qc6 29. Qb2 Rf7 30. Nf2 d4 31. Ng4 c3 32. Qe2 d3 33. Nxh6+ gxh6
34. Qg4+ Rg7 35. Qh3 Rxg2 36. Rg1 Rg3+ {White resigns} 0-1

[Event "Team 45 45 League T75"]
[Site "Internet Chess Club"]
[Date "2017.12.14"]
[Round "1"]
[White "idjit"]
[Black "zap2"]
[Result "1-0"]
[WhiteElo "1680"]
[BlackElo "1667"]
[Opening "Pirc defense"]
[ECO "B07"]
[Time "11:10:02"]
[TimeControl "2700+45"]

1. e4 d6 2. d4 Nf6 3. Nc3 e5 4. dxe5 dxe5 5. Qxd8+ Kxd8 6. Nf3 Bd6 7. Bc4 Ke8 8.
O-O h6 9. Nh4 Nc6 10. Nf5 Bxf5 11. exf5 a6 12. Nd5 Nd4 13. Nxf6+ gxf6 14. Bd3
Rg8 15. Be4 Ne2+ 16. Kh1 Nxc1 17. Raxc1 c6 18. Rcd1 Ke7 19. Rd3 Rad8 20. h3 Bc7
21. Rfd1 Rxd3 22. Rxd3 Rd8 23. Rb3 Rd1+ 24. Kh2 b5 25. Kg3 Rd2 26. Rc3 c5 27.
Rxc5 Bb6 28. Rc6 Bxf2+ 29. Kf3 a5 30. Rc7+ Kf8 31. Rc8+ Kg7 32. Bd3 Bd4 33. Bxb5
Bxb2 34. a4 h5 35. c4 Rd4 36. c5 Rf4+ 37. Ke3 Rxf5 38. c6 Bd4+ 39. Ke4 Rf4+ 40.
Kd5 Bb6 41. c7 Bxc7 42. Rxc7 Rd4+ 43. Kc5 f5 44. Bc4 Kg6 45. Bxf7+ Kg5 46. Bc4
h4 47. Rc6 Rd2 48. Kb5 Rxg2 49. Kxa5 Rg3 50. Kb6 Rxh3 51. a5 Ra3 52. a6 h3 53.
a7 h2 54. Bd5 Rb3+ 55. Bxb3 h1=Q 56. a8=Q Qg1+ 57. Kc7 Kf4 58. Rc4+ e4 59. Qa2
Kf3 60. Rc3+ e3 61. Bd5+ Kg3 62. Qe2 Kh4 63. Rxe3 f4 64. Re5 f3 65. Qe4+ Kh3 66.
Qxf3+ {Black resigns} 1-0